Unix NetHack Version 3.7.0-65 Work-in-progress - last build Oct 10 2022 05:34:18 (2afc5cfc90f7ecdc2856d9919a2295b875398e55,branch:master). Game began 2022-10-15 20:02:15, ended 2022-10-15 21:25:22. aerth, neutral female human Monk ----------- ----------- |....|...%--- |.........| |..00|00...>| |.........| |.........--- |.........| |....|....| |....<....| |-.--------- |....=..q.| |..0.|.....| |.......@%| |....|.....| |...%.....| |..........| |.........| |....|....%----------------|| |....|......................| ----------------------------- Aerth the Initiate St:17 Dx:15 Co:15 In:9 Wi:12 Ch:10 Neutral Dlvl:6 $:748 HP:0(49) Pw:33(36) AC:4 Xp:7/872 T:3264 Latest messages: The boulder falls into and plugs a hole in the floor! With great effort you move the boulder. You try to move the boulder, but in vain. The boulder falls into and plugs a hole in the floor! With great effort you move the boulder. You try to move the boulder, but in vain. The boulder falls into and plugs a hole in the floor! With great effort you move the boulder. You try to move the boulder, but in vain. You try to move the boulder, but in vain. The boulder falls into and plugs a hole in the floor! With great effort you move the boulder. You try to move the boulder, but in vain. You try to move the boulder, but in vain. The boulder falls into and plugs a hole in the floor! Where do you want to travel to? (For instructions type a '?') With great effort you move the boulder. You try to move the boulder, but in vain. The snake bites! You hit the snake! You hit the snake! The snake bites! The snake's bite was poisoned! The poison doesn't seem to affect you. You kill the snake! The boulder falls into and plugs a hole in the floor! This door is locked. Unlock it with your lock pick? [ynq] (q) You succeed in picking the lock. The door opens. Your hands begin to glow red. The leocrotta hits! The leocrotta bites! The leocrotta hits! You hit the leocrotta! Your hands stop glowing red. The leocrotta appears confused. The leocrotta hits the snake. The leocrotta bites the snake. The leocrotta misses the snake. The leocrotta hits the snake. The leocrotta knocks the snake back with a forceful blow! The snake is killed! The leocrotta hits! The leocrotta bites! The leocrotta hits! You hit the leocrotta! The leocrotta hits! You die... Inventory: Coins ('$') $ - 748 gold pieces Armor ('[') W - an uncursed +0 dwarvish iron helm m - an uncursed +0 orcish helm (being worn) a - a blessed rotted +2 pair of leather gloves (being worn) U - a cursed +0 pair of iron shoes X - a cursed -1 pair of iron shoes B - an uncursed +0 dwarvish cloak Y - an uncursed +0 dwarvish cloak b - an uncursed +1 robe (being worn) Comestibles ('%') h - 7 uncursed apples t - an uncursed carrot g - an uncursed food ration Z - an uncursed partly eaten food ration j - 4 uncursed fortune cookies i - 6 uncursed oranges D - 3 uncursed eggs T - an uncursed lizard corpse Scrolls ('?') w - an uncursed scroll of blank paper S - a blessed scroll of confuse monster J - a blessed scroll of earth R - an uncursed scroll of earth p - an uncursed scroll of identify d - an uncursed scroll of light O - 2 uncursed scrolls of light L - an uncursed scroll of teleportation V - 2 uncursed scrolls of teleportation Spellbooks ('+') c - a blessed spellbook of confuse monster M - an uncursed spellbook of jumping Potions ('!') K - an uncursed potion of blindness u - an uncursed potion of booze A - an uncursed potion of confusion f - a blessed potion of healing e - 2 uncursed potions of healing z - an uncursed potion of paralysis o - a potion of holy water r - a potion of unholy water Rings ('=') y - an uncursed +1 ring of adornment I - an uncursed ring of stealth Q - an uncursed ring of sustain ability Wands ('/') s - an uncursed wand of digging (0:8) v - an uncursed wand of digging (0:5) l - an uncursed wand of probing (0:3) H - an uncursed wand of striking (0:3) Tools ('(') E - an uncursed lock pick k - an uncursed magic marker (0:89) n - an uncursed tin whistle Gems/Stones ('*') F - an uncursed jet stone G - 2 uncursed worthless pieces of black glass N - an uncursed worthless piece of blue glass C - an uncursed worthless piece of red glass x - an uncursed worthless piece of violet glass P - an uncursed worthless piece of white glass q - 2 uncursed worthless pieces of yellow glass Aerth the Monk's attributes: Background: You were an Initiate, a level 7 female human Monk. You were neutral, on a mission for Chih Sung-tzu who was opposed by Shan Lai Ching (lawful) and Huan Ti (chaotic). You were in Sokoban, on level 6. You entered the dungeon 3264 turns ago. You had 872 experience points, 408 more were needed to attain level 8. Basics: You had 0 out of 49 hit points. You had 33 out of 36 energy points (spell power). Your armor class was 4. Your wallet contained 748 zorkmids. Autopickup was on for '$?!"=/*', with exceptions. Final Characteristics: Your strength was 17 (limit:18/100). Your dexterity was 15 (limit:18). Your constitution was 15 (limit:18). Your intelligence was 9 (limit:18). Your wisdom was 12 (limit:18). Your charisma was 10 (limit:18). Final Status: You were not hungry. You were unencumbered. You were empty handed. You were skilled in martial arts. Final Attributes: You were piously aligned. You were sleep resistant. You were poison resistant. You saw invisible. You were warned. You were stealthy. You were guarded. You were fast. You are dead. Miscellaneous: You disabled loading of bones levels. Total elapsed playing time was 59 minutes and 30 seconds. Major events: Turn 1: aerth the neutral female human Monk entered the dungeon 284: entered the Gnomish Mines 591: attained the rank of Novice (level 3) 1762: attained the rank of Initiate (level 6) 2695: entered Sokoban 3255: completed 2nd Sokoban level 3264: killed by a leocrotta Vanquished creatures: a ghost a small mimic a tengu a spotted jelly 5 leprechauns an ice vortex a brown pudding a lizard a dog a jaguar a dwarf leader a blue jelly a dust vortex 2 snakes a rock mole 2 fog clouds a violet fungus a kobold mummy a gray ooze 4 giant ants a dwarf 6 rothes an iguana 4 coyotes 2 hobbits a hobgoblin 5 giant rats a cave spider a yellow mold a green mold a garter snake 2 geckos 4 jackals a goblin 3 sewer rats 3 grid bugs a bat 2 lichens 69 creatures vanquished. No species were genocided or became extinct. Voluntary challenges: You followed a strict vegan diet. You never hit with a wielded weapon. You read items or engraved 5 times. You engraved Elbereth 1 time. You never genocided any monsters. You never polymorphed an object. You never changed form. You used no wishes. You did not violate any of the special Sokoban rules. Achievements: You entered the Gnomish Mines. You attained the rank of Novice. You attained the rank of Initiate. You entered Sokoban. The Dungeons of Doom: levels 1 to 11 Level 1: A sink. Level 2: "vault" A fountain, a sink. Level 3: Stairs down to The Gnomish Mines. Level 4: A sink. Level 5: A fountain. Level 6: An altar, a fountain. Level 7: Level 8: Stairs up to Sokoban, level 7. Level 9: A sink. Level 10: Level 11: The Gnomish Mines: Level 4: Sokoban: levels 7 up to 6 Level 6: <- You were here. Solved. Final resting place for you, killed by a leocrotta. Level 7: Unsolved. Game over: ---------- / \ / REST \ / IN \ / PEACE \ / \ | aerth | | 748 Au | | killed by a | | leocrotta | | | | | | 2022 | *| * * * | * _________)/\\_//(\/(/\)/\//\/|_)_______ Goodbye aerth the Monk... You died in Sokoban on dungeon level 6 with 5096 points, and 748 pieces of gold, after 3264 moves. You were level 7 with a maximum of 49 hit points when you died.